 Dungeon Crawl Stone Soup version 0.19-a0-1899-g2d93087 (webtiles) character file.

18 Leszczynek the Cudgeler (level 2, -2/29 HPs)
             Began as an Ogre Warper on Oct 19, 2016.
             Slain by a kobold
             ... wielding a +0 short sword
              (6 damage)
             ... on level 4 of the Dungeon.
             The game lasted 00:01:36 (269 turns).

Leszczynek the Cudgeler (Ogre Warper)                Turns: 269, Time: 00:01:37

Health: -2/29      AC:  3    Str: 15    XL:     2   Next: 66%
Magic:  5/5        EV: 10    Int: 12    God:
Gold:   30         SH:  0    Dex:  9    Spells: 0 memorised, 5 levels left

rFire  . . .     SeeInvis .     a - +0 mace
rCold  . . .     Gourm    .     b - +0 robe
rNeg   . . .     Faith    .     (no shield)
rPois  .         Spirit   .     (helmet restricted)
rElec  .         Reflect  .     (no cloak)
rCorr  .         Harm     .     (gloves unavailable)
MR     .....                    (boots unavailable)
Stlth  +.........               (no amulet)
                                (no ring)
                                (no ring)

@: no status effects
A: unfitting armour, tough skin 1
a: no special abilities


You were on level 4 of the Dungeon.
You were not hungry.

You visited 1 branch of the dungeon, and saw 4 of its levels.

You collected 30 gold pieces.

Inventory:

Hand Weapons
 a - a +0 mace (weapon)
Missiles
 e - 5 tomahawks of dispersal (quivered)
Armour
 b - a +0 robe (worn)
Scrolls
 f - a scroll of blinking
 h - a scroll of teleportation {unknown}
Potions
 i - a potion of magic {unknown}
Books
 c - a book of Spatial Translocations

   Spells                             Type                      Level
   a - Blink                          Translocation                2
   b - Shroud of Golubria             Charms/Translocation         2
   c - Lesser Beckoning               Translocation                3
   d - Portal Projectile              Translocation                3
   e - Teleport Other                 Translocation                3
   f - Passage of Golubria            Translocation                4
Comestibles
 d - a bread ration
 g - 6 chunks of flesh
 j - a beef jerky


   Skills:
 - Level 2.6 Fighting
 + Level 4.2 Maces & Flails
 - Level 1.0 Throwing
 - Level 2.1 Dodging
 - Level 2.4 Spellcasting
   Level 2.1 Translocations


You had 5 spell levels left.
You didn't know any spells.

Dungeon Overview and Level Annotations

Branches:
Dungeon (4/15)
 Temple: D:4-7

Altars:


Innate Abilities, Weirdness & Mutations

You are too large for most types of armour.
You have tough skin. (AC +1)


Message History

The big kobold hits you with a dagger. x2
You barely miss the big kobold.
The big kobold is moderately wounded.
The big kobold hits you with a dagger.
You barely miss the big kobold.
The big kobold is moderately wounded.
The kobold closely misses you. The kobold misses you.
The big kobold hits you but does no damage.
You see here a throwing net.
Unknown command.
The big kobold hits you with a dagger.
* * * LOW HITPOINT WARNING * * *
You closely miss the big kobold.
The big kobold is moderately wounded.
The kobold barely misses you. The big kobold hits you with a dagger.
* * * LOW HITPOINT WARNING * * *
You barely miss the big kobold.
The big kobold is moderately wounded.
The kobold hits you with a short sword.
You die...

≈.K....
..K.. P.÷.
#P.#
####(#
#.<)(#
##((##
#K## #K@#
#..# .....
.......#
#.......#
#........
##.......#
##.......


You could see a big kobold and a kobold.

Vanquished Creatures
  An ooze (D:1)
  A leopard gecko (D:1)
  2 bats
  A giant cockroach (D:1)
  2 hobgoblins
  3 kobolds
  2 rats
12 creatures vanquished.

Notes
Turn   | Place    | Note
-------+----------+-------------------------------------------
     0 | D:1      | Leszczynek the Ogre Warper began the quest for the Orb.
     0 | D:1      | Reached XP level 1. HP: 22/22 MP: 3/3
    63 | D:1      | Reached skill level 3 in Maces & Flails
   102 | D:1      | Reached XP level 2. HP: 17/29 MP: 5/5
   124 | D:1      | Reached skill level 4 in Maces & Flails
   247 | D:4      | Noticed a big kobold
   269 | D:4      | Slain by a kobold

Vault maps used:
D:1:      dpeg_arrival_rooms_with_view
D:2:      uniq_natasha
D:3:      chequers_temple_overflow_minitemple, uniq_sigmund, uniq_terence,
          uniq_jessica
D:4:      lemuel_doored_altar, first_bread, lexackson_kobold_supper, uniq_robin,
          uniq_duvessa

Skill      XL: |  1  2 |
---------------+-------+-----
Maces & Flails | 3 4 |  4.2
Fighting       | |  2.6
Throwing       | |  1.0
Dodging        | |  2.1
Spellcasting   | |  2.4
Translocations | |  2.1

Action                   || total
-------------------------++-------
Melee: Mace              ||    41
Throw: Throwing net      ||     1
Armor: Robe              ||    20
Dodge: Dodged            ||    25
